 Dungeon Crawl Stone Soup version 0.30-a0-782-ge64f9170bb (webtiles) character file.

Game seed: 5666124931106742672

87 Angani the Magician (level 4, 0/33 HPs)
             Began as a Draconian Hedge Wizard on Mar 18, 2023.
             Succumbed to an orc's poison
             ... on level 3 of the Dungeon.
             The game lasted 00:04:30 (2142 turns).

Angani the Magician (Draconian Hedge Wizard)        Turns: 2142, Time: 00:04:30

Health: 0/33       AC:  5    Str: 13    XL:     4   Next: 28%
Magic:  5/10       EV: 12    Int: 16    God:
Gold:   64         SH:  0    Dex: 10    Spells: 10/11 levels left

rFire   . . .      SeeInvis .    a - +0 dagger
rCold   + . .      Faith    .    (no shield)
rNeg    . . .      Spirit   .    (body armour unavailable)
rPois   .          Reflect  .    b - +0 hat
rElec   .          Harm     .    (no cloak)
rCorr   .          Rampage  .    (no gloves)
Will    +....                    (no boots)
Stlth   ++                       (no amulet)
HPRegen 0.25/turn                f - ring of willpower
MPRegen 0.12/turn                k - ring of protection from cold

@: brilliant, lethally poisoned (0 -> -8)
A: AC +5, unfitting armour, cold-blooded
a: no special abilities


You were on level 3 of the Dungeon.
You visited 1 branch of the dungeon, and saw 3 of its levels.

You collected 64 gold pieces.

Inventory:

Hand Weapons
 a - a +0 dagger (weapon)
Armour
 b - a +0 hat (worn)
Jewellery
 f - a ring of willpower (left hand)
 k - a ring of protection from cold (right hand)
Scrolls
 e - a scroll of magic mapping {unknown}
 g - 3 scrolls of identify
 h - a scroll of fear {unknown}
 l - a scroll of poison {unknown}
 m - a scroll of immolation {unknown}


   Skills:
 - Level 1.7 Dodging
 - Level 1.7 Stealth
 - Level 4.0 Spellcasting
 - Level 3.0 Conjurations
 + Level 1.1 Summonings
 + Level 1.1 Translocations


You had 10 spell levels left.
You knew the following spells:

 Your Spells              Type           Power      Damage    Failure   Level
a - Magic Dart            Conj           76%        1d6       4%          1

Your spell library contained the following spells:

 Spells                   Type           Power      Damage    Failure   Level
 Summon Small Mammal      Summ           40%        N/A       11%         1
 Blink                    Tloc           20%        N/A       16%         2
 Call Imp                 Summ           10%        N/A       16%         2
 Lesser Beckoning         Tloc           20%        N/A       16%         2
 Slow                     Hex            16%        N/A       17%         1
 Cigotuvi's Dreadful Rot  Necr/Pois/Air  8%         N/A       26%         2
 Call Canine Familiar     Summ           10%        N/A       32%         3
 Gell's Gravitas          Tloc           10%        N/A       32%         3
 Mephitic Cloud           Conj/Pois/Air  9%         N/A       32%         3
 Teleport Other           Tloc           10%        N/A       32%         3
 Summon Guardian Golem    Hex/Summ       7%         N/A       38%         3


Dungeon Overview and Level Annotations

Branches:
Dungeon (3/15)

Altars:
Trog


Innate Abilities, Weirdness & Mutations

Your plain brown scales are hard. (AC +5)
You cannot fit into any form of body armour.
You are cold-blooded and may be slowed by cold attacks.


Message History

You hit the orc but do no damage.
The orc is almost dead.
The orc looks more healthy.
The orc hits you but does no damage.
You hit the orc.
You kill the orc!
Press: ? - help, v - describe, . - travel, g - get item
Here: an orc, wielding a +0 dagger of venom and wearing a +0 leather armour (silenced)
Items here: a +0 mace; a +0 ring mail.
The floor.
Magic scrolls do not work when you're silenced!
You aren't carrying any potions.
Magic scrolls do not work when you're silenced!
The orc attacks as you move away!
The orc hits you with a +0 dagger of venom.
The orc attacks as you move away! The orc misses you.
The orc attacks as you move away! The orc barely misses you.
The orc attacks as you move away!
The orc hits you with a +0 dagger of venom.
You are poisoned.
* * * LOW HITPOINT WARNING * * *
You feel very sick.
* * * LOW HITPOINT WARNING * * *
You feel sick.
Magic scrolls do not work when you're silenced!
Your hearing returns.
You feel sick.
As you read the scroll labelled ALIUBU LOUSHRU, it crumbles to dust.
It is a scroll of identify.
d - a scroll of teleportation
* * * LOW HITPOINT WARNING * * *
You feel sick. The orc hits you but does no damage.
As you read the scroll of teleportation, it crumbles to dust.
You feel strangely unstable.
You feel sick. The orc barely misses you.
You feel sick. The orc attacks as you move away!
The orc hits you with a +0 dagger of venom.
* * * LOW HITPOINT WARNING * * *
You are lethally poisoned!
Your surroundings suddenly seem different.
You die...

#.# #)# #.# +# #.# ##.
##.###### ###..
#........ ###...
##.#####. #....# ###
##. #@# #.. #..# #o#
### #### #.# #.# #.#
#.#
.###################.#
#.#
.....................#
#.#
########.......#######
#.# ..#.........#.#
#.# #.#.###.....#.#


There were no monsters in sight!

Vanquished Creatures
  An orc wizard (D:3)
  An adder (D:2)
  A worm (D:3)
  A dart slug (D:2)
  An orc (D:3)
  3 bats (D:1)
  5 endoplasms
  A giant cockroach (D:2)
  4 hobgoblins (D:1)
  4 jackals (D:1)
  5 quokkas
  4 ball pythons
  3 frilled lizards
  3 goblins
  3 kobolds
  5 rats
45 creatures vanquished.

Notes
Turn   | Place    | Note
-------+----------+-------------------------------------------
     0 | D:1      | Angani the Draconian Hedge Wizard began the quest for the
                  | Orb.
     0 | D:1      | Reached XP level 1. HP: 14/14 MP: 4/4
   338 | D:1      | Reached XP level 2. HP: 20/20 MP: 0/6
   928 | D:1      | Reached XP level 3. HP: 26/26 MP: 2/7
  1699 | D:2      | Found a bloodstained altar of Trog.
  2102 | D:3      | Reached skill level 4 in Spellcasting
  2102 | D:3      | Reached XP level 4. HP: 17/33 MP: 0/10
  2142 | D:3      | Succumbed to an orc's poison

Illustrated notes

Levels and vault maps discovered:
D:1:      elethiomel_arrival_infinity_welcomes_careful_drivers, layout_rooms
D:2:      layout_basic, basic_altar
D:3:      minmay_razor_zed, layout_loops_ring, nicolae_overflow_hidden_temple,
          serial_shops, shop, nrook_loot_triangle

Skill      XL: |  1  2  3 |
---------------+----------+-----
Conjurations   | 2 3 |  3.0
Spellcasting   | 4 |  4.0
Dodging        | |  1.7
Stealth        | |  1.7
Summonings     | |  1.1
Translocations | |  1.1

Action                     |  1- 3 |  4- 6 || total
---------------------------+-------+-------++-------
  Melee: Dagger            |    90 |    12 ||   102
         Tailslap          |    12 |     2 ||    14
  Throw: Dart              |       |     2 ||     2
   Cast: Magic Dart        |   101 |       ||   101
    Use: Potion            |     3 |       ||     3
         Scroll            |       |     3 ||     3
 Armour: Skin              |    34 |     3 ||    37
  Dodge: Dodged            |    90 |    16 ||   106

Table legend: (Time is in decaauts)
 A = Elapsed time spent in this place.
 B = Non-inter-level travel time spent in this place.
 C = Inter-level travel time spent in this place.
 D = Time resting spent in this place.
 E = Time spent auto-exploring this place.
 F = Levels seen in this place.
 G = Mean time per level.
                   A        B        C        D        E       F      G
               +--------+--------+--------+--------+--------+-----+--------+
         Total |   2145 |   2103 |     42 |    250 |   1478 |   3 |  715.0 |
       Dungeon |   2145 |   2103 |     42 |    250 |   1478 |   3 |  715.0 |
               +--------+--------+--------+--------+--------+-----+--------+

Top non-repeatable levels by time:
     D:1: 1219 daAuts
     D:2: 683 daAuts
     D:3: 242 daAuts
